| TOP OF THE 1ST |
|
Johnson City Cardinals batting - Pitching for Chicago (APP) Cubs : RHP Luis Solis
|
|
Pitching: RHP Luis Solis
|
|
|
Batting: RHB Matt McGuire
|
0-0: Ball 1-0: SOLO HOME RUN (Flyball, 7D, EV 96.2 MPH), Distance : 394 ft
|
|
Batting: LHB Pete Mitchell
|
0-0: Called Strike 0-1: Called Strike 0-2: Ball 1-2: Ball 2-2: Strikes out looking
|
|
Batting: RHB Arnold Schuler
|
0-0: Ball 1-0: Swinging Strike 1-1: Ball 2-1: Ball 3-1: Foul Ball, location: 2F 3-2: Strikes out swinging
|
|
Batting: SHB Brad Meyer
|
0-0: Ball 1-0: Ball 2-0: Ball 3-0: Base on Balls
|
|
Batting: SHB J.T. Ready
|
0-0: Fielders Choice at 2nd, 6-4 (Groundball, 6, EV 83.1 MPH)
|
| Top of the 1st over - 1 run, 1 hit, 0 errors, 1 left on base; Johnson City 1 - Chicago (APP) 0 |
| BOTTOM OF THE 1ST |
|
Chicago (APP) Cubs batting - Pitching for Johnson City Cardinals : RHP Joaquin Gonzales
|
|
Pitching: RHP Joaquin Gonzales
|
|
|
Batting: SHB Jim Lloyd
|
0-0: Called Strike 0-1: Ball 1-1: Swinging Strike 1-2: Ball 2-2: Strikes out swinging
|
|
Batting: RHB Andy Villarreal
|
0-0: Called Strike 0-1: Called Strike 0-2: Ball 1-2: Strikes out looking
|
|
Batting: LHB Jose Mafano
|
0-0: Foul Ball, location: 2F 0-1: Foul Ball, location: 2F 0-2: Ground out 6-3 (Groundball, 6, EV 83.1 MPH)
|
| Bottom of the 1st over - 0 runs, 0 hits, 0 errors, 0 left on base; Johnson City 1 - Chicago (APP) 0 |
| TOP OF THE 2ND |
|
Johnson City Cardinals batting - Pitching for Chicago (APP) Cubs : RHP Luis Solis
|
|
Pitching: RHP Mike Reusch
|
|
|
Batting: RHB Dan Wages
|
0-0: Called Strike 0-1: Ball 1-1: Foul Ball, location: 2F 1-2: Ball 2-2: Ball 3-2: Base on Balls
|
|
Batting: RHB Diego Herrera
|
0-0: Called Strike 0-1: Ball 1-1: Ball Dan Wages steals 2nd base 2-1: Ball 3-1: Base on Balls
|
|
Batting: SHB Felipe Campanella
|
0-0: Called Strike 0-1: Ball Passed Ball! Dan Wages to third Diego Herrera to second 1-1: Called Strike 1-2: Ball 2-2: Strikes out swinging
|
|
Batting: RHB Seung-kab Park
|
0-0: Ball 1-0: Swinging Strike 1-1: Foul Ball, location: 2F 1-2: Ball Passed Ball! Dan Wages scores Diego Herrera to third 2-2: Foul Ball, location: 2F 2-2: Ball Wild Pitch! Diego Herrera scores 3-2: Base on Balls
|
|
Pitching: RHP Man-keung Li
|
|
|
Batting: RHB Matt McGuire
|
0-0: Called Strike 0-1: Swinging Strike 0-2: Foul Ball, location: 2F 0-2: Strikes out swinging
|
|
Batting: LHB Pete Mitchell
|
0-0: Foul Ball, location: 2F 0-1: Called Strike 0-2: Ball 1-2: Strikes out looking
|
| Top of the 2nd over - 2 runs, 0 hits, 0 errors, 1 left on base; Johnson City 3 - Chicago (APP) 0 |
| BOTTOM OF THE 2ND |
|
Chicago (APP) Cubs batting - Pitching for Johnson City Cardinals : RHP Joaquin Gonzales
|
|
Batting: RHB Andy Baumhardt
|
0-0: Ball 1-0: Swinging Strike 1-1: Ball 2-1: Swinging Strike 2-2: Strikes out swinging
|
|
Batting: RHB Jorge Gonzalez
|
0-0: Ball 1-0: Ball 2-0: SINGLE (Line Drive, 56, EV 95.6 MPH)
|
|
Batting: RHB Lencho Otieno
|
0-0: Ball 1-0: Ball 2-0: Ball 3-0: Base on Balls Jorge Gonzalez to second
|
|
Batting: SHB Rob Craft
|
0-0: Called Strike 0-1: Ball 1-1: Ball Jorge Gonzalez steals 3rd base Lencho Otieno to second 2-1: SINGLE (Line Drive, 4M, EV 96.2 MPH) Jorge Gonzalez scores Lencho Otieno to third
|
|
Batting: SHB Joshua Vincent
|
0-0: Called Strike 0-1: Foul Ball, location: 2F 0-2: Ball 1-2: Ball 2-2: Fielders Choice at 2nd, 6-4 (Groundball, 6M, EV 100.0 MPH) Lencho Otieno scores
|
|
Batting: LHB Eddie Panagos
|
0-0: Foul Ball, location: 2F 0-1: Called Strike 0-2: Ball 1-2: Ball 2-2: Ball 3-2: Strikes out swinging
|
| Bottom of the 2nd over - 2 runs, 2 hits, 0 errors, 1 left on base; Johnson City 3 - Chicago (APP) 2 |
| TOP OF THE 3RD |
|
Johnson City Cardinals batting - Pitching for Chicago (APP) Cubs : RHP Man-keung Li
|
|
Batting: RHB Arnold Schuler
|
0-0: Ball 1-0: Ball 2-0: Ball 3-0: Called Strike 3-1: SINGLE (Flyball, 7S, EV 91.9 MPH)
|
|
Batting: SHB Brad Meyer
|
0-0: Swinging Strike 0-1: Foul Ball, location: 2F 0-2: Ball 1-2: Ball Passed Ball! Arnold Schuler to second 2-2: DOUBLE (Line Drive, 7LD, EV 111.9 MPH) Arnold Schuler scores
|
|
Batting: SHB J.T. Ready
|
0-0: Called Strike 0-1: Foul Ball, location: 2F 0-2: Foul Ball, location: 2F 0-2: Ball 1-2: Strikes out looking
|
|
Batting: RHB Dan Wages
|
0-0: Called Strike 0-1: Swinging Strike 0-2: Strikes out swinging
|
|
Batting: RHB Diego Herrera
|
0-0: Ball 1-0: Swinging Strike Passed Ball! Brad Meyer to third 1-1: Foul Ball, location: 2F 1-2: Fly out, F8 (Line Drive, 8LM, EV 96.2 MPH)
|
| Top of the 3rd over - 1 run, 2 hits, 0 errors, 1 left on base; Johnson City 4 - Chicago (APP) 2 |
| BOTTOM OF THE 3RD |
|
Chicago (APP) Cubs batting - Pitching for Johnson City Cardinals : RHP Joaquin Gonzales
|
|
Batting: SHB Jim Lloyd
|
0-0: Ball 1-0: Ball 2-0: Ground out 3-1 (Groundball, 34S, EV 86.2 MPH)
|
|
Batting: RHB Andy Villarreal
|
0-0: Ball 1-0: Ball 2-0: Foul Ball, location: 2F 2-1: Foul Ball, location: 2F 2-2: Foul Ball, location: 2F 2-2: Ball 3-2: Base on Balls
|
|
Batting: LHB Jose Mafano
|
0-0: Foul Ball, location: 2F 0-1: Ball 1-1: Ball 2-1: Foul Ball, location: 2F 2-2: Ball 3-2: Base on Balls Andy Villarreal to second
|
|
Batting: RHB Andy Baumhardt
|
0-0: Called Strike 0-1: Foul Ball, location: 2F 0-2: Foul Ball, location: 2F 0-2: Ball 1-2: Foul Ball, location: 2F 1-2: Strikes out swinging
|
|
Batting: RHB Jorge Gonzalez
|
0-0: Ball 1-0: Ball 2-0: Ground out 4-3 (Groundball, 34, EV 83.1 MPH)
|
| Bottom of the 3rd over - 0 runs, 0 hits, 0 errors, 2 left on base; Johnson City 4 - Chicago (APP) 2 |
| TOP OF THE 4TH |
|
Johnson City Cardinals batting - Pitching for Chicago (APP) Cubs : RHP Man-keung Li
|
|
Batting: SHB Felipe Campanella
|
0-0: Ball 1-0: Called Strike 1-1: Called Strike 1-2: Foul Ball, location: 2F 1-2: Foul Ball, location: 2F 1-2: Ball 2-2: Ball 3-2: Foul Ball, location: 2F 3-2: Foul Ball, location: 2F 3-2: Foul Ball, location: 2F 3-2: Base on Balls
|
|
Batting: RHB Seung-kab Park
|
0-0: Called Strike 0-1: Ball Wild Pitch! Felipe Campanella to second 1-1: Ball 2-1: Ball Passed Ball! Felipe Campanella to third 3-1: Called Strike 3-2: Ground out 6-3 (Groundball, 6, EV 88.8 MPH) Felipe Campanella scores
|
|
Batting: RHB Matt McGuire
|
0-0: Called Strike 0-1: Ball 1-1: Hit by Pitch
|
|
Batting: LHB Pete Mitchell
|
0-0: Ball Matt McGuire steals 2nd, throwing error, E2 Matt McGuire to third 1-0: Swinging Strike 1-1: Ball Passed Ball! Matt McGuire scores 2-1: Ball 3-1: Base on Balls
|
|
Batting: RHB Arnold Schuler
|
0-0: Ball 1-0: Called Strike 1-1: Ball 2-1: Called Strike 2-2: Ball Pete Mitchell steals 2nd base 3-2: SINGLE (Line Drive, 89M, EV 85.6 MPH) Pete Mitchell to third Runner from 3rd tries for Home, SAFE, throw by CF to home
|
|
Pitching: RHP Masato Iwase
|
|
|
Batting: SHB Brad Meyer
|
0-0: SINGLE (Groundball, 4M, EV 103.8 MPH) Arnold Schuler to second
|
|
Batting: SHB J.T. Ready
|
0-0: Called Strike 0-1: Swinging Strike Passed Ball! Arnold Schuler to third Brad Meyer to second 0-2: Strikes out swinging
|
|
Batting: RHB Dan Wages
|
0-0: Ball Passed Ball! Arnold Schuler scores Brad Meyer to third 1-0: Fly out, F7 (Flyball, 7S, EV 81.9 MPH)
|
| Top of the 4th over - 4 runs, 2 hits, 1 error, 1 left on base; Johnson City 8 - Chicago (APP) 2 |
| BOTTOM OF THE 4TH |
|
Chicago (APP) Cubs batting - Pitching for Johnson City Cardinals : RHP Joaquin Gonzales
|
|
Batting: RHB Lencho Otieno
|
0-0: Called Strike 0-1: Swinging Strike 0-2: Strikes out looking
|
|
Batting: SHB Rob Craft
|
0-0: Ground out 4-3 (Groundball, 4, EV 101.2 MPH)
|
|
Batting: SHB Joshua Vincent
|
0-0: Called Strike 0-1: Called Strike 0-2: Ball 1-2: Fly out, F7 (Flyball, 78M, EV 93.1 MPH)
|
| Bottom of the 4th over - 0 runs, 0 hits, 0 errors, 0 left on base; Johnson City 8 - Chicago (APP) 2 |
| TOP OF THE 5TH |
|
Johnson City Cardinals batting - Pitching for Chicago (APP) Cubs : RHP Masato Iwase
|
|
Batting: RHB Diego Herrera
|
0-0: Ball 1-0: Ball 2-0: Ball 3-0: Base on Balls
|
|
Batting: SHB Felipe Campanella
|
0-0: Ball 1-0: Foul Ball, location: 2F 1-1: Swinging Strike 1-2: Strikes out looking
|
|
Batting: RHB Seung-kab Park
|
0-0: Ball 1-0: Called Strike 1-1: Ball Diego Herrera steals 2nd base 2-1: Ball 3-1: Called Strike 3-2: 2-RUN HOME RUN (Flyball, 7D, EV 98.8 MPH), Distance : 378 ft
|
|
Batting: RHB Matt McGuire
|
0-0: Ball 1-0: Foul Ball, location: 2F 1-1: Ball 2-1: Ball 3-1: Foul Ball, location: 2F 3-2: Foul Ball, location: 2F 3-2: Base on Balls
|
|
Batting: LHB Pete Mitchell
|
0-0: Ball 1-0: Ball 2-0: Foul Ball, location: 2F 2-1: Swinging Strike 2-2: Foul Ball, location: 2F 2-2: Foul Ball, location: 2F 2-2: Ball 3-2: Base on Balls Matt McGuire to second
|
|
Batting: RHB Arnold Schuler
|
0-0: Called Strike 0-1: Called Strike 0-2: Ball 1-2: Grounds into double play, 6-4-3 (Groundball, 6, EV 86.2 MPH)
|
| Top of the 5th over - 2 runs, 1 hit, 0 errors, 1 left on base; Johnson City 10 - Chicago (APP) 2 |
| BOTTOM OF THE 5TH |
|
Chicago (APP) Cubs batting - Pitching for Johnson City Cardinals : RHP Joaquin Gonzales
|
|
Batting: LHB Eddie Panagos
|
0-0: Ball 1-0: Foul Ball, location: 2F 1-1: Ground out 3-1 (Groundball, 34, EV 106.9 MPH)
|
|
Batting: SHB Jim Lloyd
|
0-0: Swinging Strike 0-1: Ball 1-1: Ground out 6-3 (Groundball, 6, EV 86.9 MPH)
|
|
Batting: RHB Andy Villarreal
|
0-0: Ball 1-0: Fly out, F3 (Line Drive, 3L, EV 69.4 MPH)
|
| Bottom of the 5th over - 0 runs, 0 hits, 0 errors, 0 left on base; Johnson City 10 - Chicago (APP) 2 |
| TOP OF THE 6TH |
|
Johnson City Cardinals batting - Pitching for Chicago (APP) Cubs : RHP Masato Iwase
|
|
Batting: SHB Brad Meyer
|
0-0: Ball 1-0: Ball 2-0: Called Strike 2-1: Ball 3-1: Base on Balls
|
|
Batting: SHB J.T. Ready
|
0-0: SINGLE (Groundball, 6M, EV 99.4 MPH) (infield hit) Brad Meyer to second
|
|
Batting: RHB Dan Wages
|
0-0: SINGLE (Line Drive, 6M, EV 110.6 MPH) Brad Meyer to third J.T. Ready to second
|
|
Batting: RHB Diego Herrera
|
0-0: Foul Ball, location: 2F 0-1: Foul Ball, location: 2F 0-2: Ball 1-2: Grounds into double play, 6-4-3 (Groundball, 6S, EV 95.0 MPH) Brad Meyer scores J.T. Ready to third
|
|
Batting: SHB Felipe Campanella
|
0-0: Ball 1-0: Called Strike 1-1: Ball Passed Ball! J.T. Ready scores 2-1: Foul Ball, location: 2F 2-2: Strikes out swinging
|
| Top of the 6th over - 2 runs, 2 hits, 0 errors, 0 left on base; Johnson City 12 - Chicago (APP) 2 |
| BOTTOM OF THE 6TH |
|
Chicago (APP) Cubs batting - Pitching for Johnson City Cardinals : RHP Joaquin Gonzales
|
|
Batting: LHB Jose Mafano
|
0-0: Ball 1-0: Ball 2-0: Called Strike 2-1: Foul Ball, location: 2F 2-2: Ball 3-2: Strikes out looking
|
|
Batting: RHB Andy Baumhardt
|
0-0: Called Strike 0-1: Ball 1-1: Ground out 5-3 (Groundball, 56, EV 107.5 MPH)
|
|
Batting: RHB Jorge Gonzalez
|
0-0: Called Strike 0-1: Ball 1-1: Ball 2-1: Ground out 5-3 (Groundball, 5, EV 78.8 MPH)
|
| Bottom of the 6th over - 0 runs, 0 hits, 0 errors, 0 left on base; Johnson City 12 - Chicago (APP) 2 |
| TOP OF THE 7TH |
|
Johnson City Cardinals batting - Pitching for Chicago (APP) Cubs : RHP Masato Iwase
|
|
Pitching: RHP Bobby Almonte
|
|
|
Batting: RHB Seung-kab Park
|
0-0: Ball 1-0: Ball 2-0: Called Strike 2-1: SOLO HOME RUN (Flyball, 78XD, EV 109.4 MPH), Distance : 438 ft
|
|
Batting: RHB Matt McGuire
|
0-0: Ball 1-0: Foul Ball, location: 2F 1-1: Ball 2-1: Ball 3-1: Called Strike 3-2: Foul Ball, location: 2F 3-2: SINGLE (Line Drive, 8LS, EV 95.6 MPH)
|
|
Batting: LHB Pete Mitchell
|
0-0: Ball 1-0: Ball Passed Ball! Matt McGuire to second 2-0: SINGLE (Groundball, 56D, EV 100.6 MPH) Matt McGuire to third
|
|
Batting: RHB Arnold Schuler
|
0-0: Called Strike 0-1: Swinging Strike 0-2: Fly out, F7 (Line Drive, 7, EV 105.0 MPH)
|
|
Batting: SHB Brad Meyer
|
0-0: Ball Passed Ball! Matt McGuire scores Pete Mitchell to second 1-0: Foul Ball, location: 2F 1-1: Swinging Strike 1-2: Ball 2-2: Strikes out looking
|
|
Batting: SHB J.T. Ready
|
0-0: Ball 1-0: Ball Passed Ball! Pete Mitchell to third 2-0: Called Strike 2-1: Ball Passed Ball! Pete Mitchell scores 3-1: Called Strike 3-2: Foul Ball, location: 2F 3-2: Fly out, F8 (Flyball, 8RXD, EV 103.1 MPH)
|
| Top of the 7th over - 3 runs, 3 hits, 0 errors, 0 left on base; Johnson City 15 - Chicago (APP) 2 |
| BOTTOM OF THE 7TH |
|
Chicago (APP) Cubs batting - Pitching for Johnson City Cardinals : RHP Joaquin Gonzales
|
|
Batting: RHB Lencho Otieno
|
0-0: Ground out 5-3 (Groundball, 56, EV 86.2 MPH)
|
|
Batting: SHB Rob Craft
|
0-0: Foul Ball, location: 2F 0-1: Ball 1-1: Called Strike 1-2: Foul Ball, location: 2F 1-2: Strikes out swinging
|
|
Batting: SHB Joshua Vincent
|
0-0: Ball 1-0: Foul Ball, location: 2F 1-1: Ground out U3 (Groundball, 3, EV 101.9 MPH)
|
| Bottom of the 7th over - 0 runs, 0 hits, 0 errors, 0 left on base; Johnson City 15 - Chicago (APP) 2 |
| TOP OF THE 8TH |
|
Johnson City Cardinals batting - Pitching for Chicago (APP) Cubs : RHP Bobby Almonte
|
|
Batting: RHB Dan Wages
|
0-0: Called Strike 0-1: Ball 1-1: Foul Ball, location: 2F 1-2: Ball 2-2: SOLO HOME RUN (Flyball, 7D, EV 99.4 MPH), Distance : 377 ft
|
|
Batting: RHB Diego Herrera
|
0-0: Swinging Strike 0-1: Fly out, F8 (Flyball, 78M, EV 90.0 MPH)
|
|
Batting: SHB Felipe Campanella
|
0-0: Swinging Strike 0-1: Foul Ball, location: 2F 0-2: Strikes out swinging
|
|
Batting: RHB Seung-kab Park
|
0-0: Called Strike 0-1: Foul Ball, location: 2F 0-2: Ball 1-2: DOUBLE (Line Drive, 78D, EV 99.4 MPH)
|
|
Batting: RHB Matt McGuire
|
0-0: Foul Ball, location: 2F 0-1: Ball 1-1: Ball 2-1: Foul Ball, location: 2F 2-2: Ball 3-2: 2-RUN HOME RUN (Line Drive, 7LD, EV 97.5 MPH), Distance : 379 ft
|
|
Batting: LHB Pete Mitchell
|
0-0: Hit by Pitch
|
|
Batting: RHB Arnold Schuler
|
0-0: Ball 1-0: SINGLE (Groundball, 56D, EV 102.5 MPH) Pete Mitchell to second
|
|
Batting: SHB Brad Meyer
|
0-0: 3-RUN HOME RUN (Flyball, 9D, EV 98.8 MPH), Distance : 389 ft
|
|
Batting: SHB J.T. Ready
|
0-0: Ball 1-0: Foul Ball, location: 2F 1-1: Ball 2-1: Ground out 6-3 (Groundball, 6, EV 100.0 MPH)
|
| Top of the 8th over - 6 runs, 5 hits, 0 errors, 0 left on base; Johnson City 21 - Chicago (APP) 2 |
| BOTTOM OF THE 8TH |
|
Chicago (APP) Cubs batting - Pitching for Johnson City Cardinals : RHP Joaquin Gonzales
|
|
Pitching: LHP Craig Soole
|
|
|
Batting: LHB Eddie Panagos
|
0-0: Ball 1-0: Foul Ball, location: 2F 1-1: Foul Ball, location: 2F 1-2: Strikes out swinging
|
|
Batting: SHB Jim Lloyd
|
0-0: Ball 1-0: Called Strike 1-1: SINGLE (Groundball, 25, EV 70.0 MPH) (infield hit)
|
|
Batting: RHB Andy Villarreal
|
0-0: Ball 1-0: Ball 2-0: Ball 3-0: Called Strike 3-1: Foul Ball, location: 2F 3-2: Strikes out looking Jim Lloyd steals 2nd base (no throw) Batter strikes out.
|
|
Batting: LHB Jose Mafano
|
0-0: Ball 1-0: Called Strike 1-1: Ball 2-1: Ball Passed Ball! Jim Lloyd to third 3-1: Foul Ball, location: 2F 3-2: Strikes out looking
|
| Bottom of the 8th over - 0 runs, 1 hit, 0 errors, 1 left on base; Johnson City 21 - Chicago (APP) 2 |
| TOP OF THE 9TH |
|
Johnson City Cardinals batting - Pitching for Chicago (APP) Cubs : RHP Bobby Almonte
|
|
Batting: RHB Dan Wages
|
0-0: Foul Ball, location: 2F 0-1: Ball 1-1: Called Strike 1-2: Ball 2-2: Strikes out swinging
|
|
Batting: RHB Diego Herrera
|
0-0: Foul Ball, location: 2F 0-1: Called Strike 0-2: Strikes out swinging
|
|
Batting: SHB Felipe Campanella
|
0-0: Ball 1-0: Ball 2-0: Ball 3-0: Base on Balls
|
|
Batting: RHB Seung-kab Park
|
0-0: Ball 1-0: Called Strike 1-1: Ball 2-1: Ball Passed Ball! Felipe Campanella to second 3-1: Called Strike 3-2: Base on Balls
|
|
Batting: RHB Matt McGuire
|
0-0: Ball Passed Ball! Felipe Campanella to third Seung-kab Park to second 1-0: Ball 2-0: Ball 3-0: Base on Balls
|
|
Batting: LHB Pete Mitchell
|
0-0: Ball 1-0: Ball 2-0: Foul Ball, location: 2F 2-1: Ball 3-1: Swinging Strike 3-2: Strikes out swinging
|
| Top of the 9th over - 0 runs, 0 hits, 0 errors, 3 left on base; Johnson City 21 - Chicago (APP) 2 |
| BOTTOM OF THE 9TH |
|
Chicago (APP) Cubs batting - Pitching for Johnson City Cardinals : LHP Craig Soole
|
|
Batting: RHB Andy Baumhardt
|
0-0: Ground out 4-3 (Groundball, 4MS, EV 85.6 MPH)
|
|
Batting: RHB Jorge Gonzalez
|
0-0: Called Strike 0-1: Swinging Strike 0-2: Strikes out swinging
|
|
Batting: RHB Lencho Otieno
|
0-0: Ball 1-0: Foul Ball, location: 2F 1-1: Ball 2-1: Swinging Strike 2-2: Strikes out looking
|
| Bottom of the 9th over - 0 runs, 0 hits, 0 errors, 0 left on base; Johnson City 21 - Chicago (APP) 2 |
|